 Dungeon Crawl Stone Soup version 0.28.0-53-g5a82cb258f (webtiles) character file.

Game seed: 15356511611935720801

21 issech the Skirmisher (level 2, -3/27 HPs)
             Began as a Minotaur Monk on June 24, 2022.
             Slain by Natasha (8 damage)
             ... on level 2 of the Dungeon.
             The game lasted 00:02:16 (986 turns).

issech the Skirmisher (Minotaur Monk)                Turns: 986, Time: 00:02:16

Health: -3/27      AC:  3    Str: 15    XL:     2   Next: 65%
Magic:  1/1        EV: 12    Int:  7    God:
Gold:   63         SH:  0    Dex: 12    Spells: 1/1 levels left

rFire   . . .      SeeInvis .   a - +0 hand axe
rCold   . . .      Faith    .   (no shield)
rNeg    . . .      Spirit   .   h - +0 leather armour
rPois   .          Reflect  .   (helmet restricted)
rElec   .          Harm     .   (no cloak)
rCorr   .          Rampage  .   (no gloves)
Will    .....                   (no boots)
Stlth   +.........              (no amulet)
HPRegen 0.09/turn               (no ring)
MPRegen 0.07/turn               (no ring)

@: no status effects
A: horns 2, retaliatory headbutt
a: no special abilities


You were on level 2 of the Dungeon.
You visited 1 branch of the dungeon, and saw 2 of its levels.

You collected 63 gold pieces.

Inventory:

Hand Weapons
 a - a +0 hand axe (weapon)
Missiles
 c - 21 stones (quivered)
 g - 27 arrows
Armour
 h - a +0 leather armour (worn)
Jewellery
 b - an amulet of faith
Scrolls
 d - a scroll of teleportation {unknown}
Potions
 f - a potion of attraction {unknown}


   Skills:
 + Level 4.2 Fighting
 + Level 4.0 Axes
 + Level 3.5 Dodging
 + Level 1.5 Stealth


You had one spell level left.
You didn't know any spells.
Your spell library was empty.

Dungeon Overview and Level Annotations

Branches:
Dungeon (2/15)

Altars:

Annotations:
D:2 Natasha


Innate Abilities, Weirdness & Mutations

You have a pair of horns on your head.
You reflexively headbutt those who attack you in melee.


Message History

Done exploring.
Done exploring.
Done exploring.
There is an open gate here.
There is a stone staircase leading down here.
You climb downwards.
There is a stone staircase leading up here.
Natasha hisses angrily.
Natasha stares at you and mumbles some strange words.
The magic dart hits you.
You closely miss Natasha. Your headbutt misses Natasha.
Natasha closely misses you.
You closely miss Natasha. Natasha closely misses you.
You closely miss Natasha. Natasha barely misses you.
You barely miss Natasha. Natasha barely misses you.
You barely miss Natasha. Natasha misses you.
You hit Natasha but do no damage. You punch Natasha.
Natasha is moderately wounded.
Natasha stares at you and mumbles some strange words.
The magic dart hits you. Natasha claws you.
You barely miss Natasha. Your headbutt misses Natasha.
Natasha is moderately wounded.
Natasha barely misses you.
You hit Natasha.
Natasha is severely wounded.
Natasha claws you.
You hit Natasha but do no damage.
Natasha is severely wounded.
Natasha misses you. You furiously retaliate!
You headbutt Natasha. You closely miss Natasha.
Natasha is severely wounded.
Natasha wildly gestures.
You feel troubled.
Natasha stares at you and mumbles some strange words.
The magic dart hits you!
* * * LOW HITPOINT WARNING * * *
You hit Natasha but do no damage.
Natasha is severely wounded.
Natasha claws you!
You die...

## #####
...##...##
.........##
..........#
..........#
g......<..#
.........@#
...##...#.h..#
#................
.....#####......
#..... ......
#..... ......
#..... ..... ...
.....


You could see Natasha.

Vanquished Creatures
  2 dart slugs (D:1)
  3 endoplasms (D:1)
  2 goblins (D:1)
  A hobgoblin (D:1)
  3 bats (D:1)
  5 frilled lizards (D:1)
  2 kobolds (D:1)
  A rat (D:1)
19 creatures vanquished.

Notes
Turn   | Place    | Note
-------+----------+-------------------------------------------
     0 | D:1      | issech the Minotaur Monk began the quest for the Orb.
     0 | D:1      | Reached XP level 1. HP: 19/19 MP: 0/0
   324 | D:1      | Reached XP level 2. HP: 22/27 MP: 1/1
   972 | D:2      | Noticed Natasha
   986 | D:2      | Slain by Natasha

Illustrated notes

Levels and vault maps discovered:
D:1:      kennysheep_arrival_forest, layout_rooms, serial_aquarium,
          aquarium_bridge_square [aquarium_subvault_window,
          aquarium_subvault_bridge, aquarium_subvault_bridge,
          aquarium_subvault_bridge], aquarium_window_2, aquarium_window_1,
          aquarium_window_1, aquarium_window_1, aquarium_view_2b,
          aquarium_pool_five, corner_web_ring, minmay_lizard_pond
D:2:      layout_rooms, basic_ecumenical_altar, uniq_natasha

Skill      XL: |  1  2 |
---------------+-------+-----
Fighting       | 4 |  4.2
Axes           | 4 |  4.0
Dodging        | |  3.5
Stealth        | |  1.5

Action                   || total
-------------------------++-------
Melee: Hand axe          ||    57
       Punch             ||     3
       Headbutt          ||     2
Armor: Robe              ||     9
Dodge: Dodged            ||    37
